[ PARTIDA AOE2 · #462933189 ]
UnrankedMagiares vs Khmer
Equipo del jugador · VICT
Equipo rival · DERR
[ ANÁLISIS DE REPETICIÓN · EXTRAÍDO DE LA PARTIDA GRABADA ]
Feudal
9:36
Castillos
23:59
Imperial
35:24
| APM promedio | 47.9 |
| APM pico | 102 |
| eAPM promedio | 22.9 |
| Aldeanos / militares | 113 / 181 |
Foco
⚔️ 41.7% · 🌾 58.3%
Cavalry Archer ×119 · Scout Cavalry ×22 · Knight ×18 · Battering Ram ×14 · Monk ×5 · Trebuchet (Packed) ×3
Feudal
11:36
Castillos
27:41
Imperial
40:44
| APM promedio | 29.3 |
| APM pico | 81 |
| eAPM promedio | 17.9 |
| Aldeanos / militares | 147 / 183 |
Foco
⚔️ 35.6% · 🌾 64.4%
Scout Cavalry ×59 · Ballista Elephant ×53 · Galley ×42 · Fishing Ship ×8 · Knight ×7 · Spearman ×7
Mapa de la partida
Recursos iniciales + cada clic de construcción. Líneas = muros · curvas = relieve. ◆ oro · ⬟ piedra · ● bayas · ✦ reliquia · ◌ hueco del cierre
Tu base
Base de King L
Terreno inicial suavizado · ◌ = hueco del cierre detectado · pasá el cursor para detalles
Inputs por minuto
— 求求了让老头吃你一分 - - King L
Build order — 求求了让老头吃你一分
Primeras 150 de 491 acciones detectadas
| 0:02 | Crear | Villager (Male) |
| 0:02 | Crear | Villager (Male) |
| 0:03 | Construir | House |
| 0:05 | Construir | House |
| 0:07 | Crear | Villager (Male) |
| 0:07 | Crear | Villager (Male) |
| 1:58 | Crear | Villager (Male) |
| 1:59 | Crear | Villager (Male) |
| 2:28 | Crear | Villager (Male) |
| 2:28 | Crear | Villager (Male) |
| 2:28 | Crear | Villager (Male) |
| 2:57 | Construir | Lumber Camp |
| 3:28 | Crear | Villager (Male) |
| 3:28 | Crear | Villager (Male) |
| 3:28 | Crear | Villager (Male) |
| 3:28 | Crear | Villager (Male) |
| 4:27 | Crear | Villager (Male) |
| 4:27 | Crear | Villager (Male) |
| 4:28 | Crear | Villager (Male) |
| 4:28 | Crear | Villager (Male) |
| 4:43 | Crear | Villager (Male) |
| 5:04 | Construir | House |
| 5:07 | Investigar | Loom |
| 5:12 | Investigar | Loom |
| 5:17 | Construir | Mill |
| 5:39 | Crear | Villager (Male) |
| 5:39 | Crear | Villager (Male) |
| 5:39 | Crear | Villager (Male) |
| 6:08 | Crear | Villager (Male) |
| 7:26 | Investigar | Feudal Age |
| 8:03 | Crear | Villager (Male) |
| 8:13 | Construir | House |
| 8:41 | Construir | Barracks |
| 9:36 | Edad | Edad Feudal |
| 10:05 | Crear | Villager (Male) |
| 10:13 | Crear | Villager (Male) |
| 10:44 | Construir | Stable |
| 10:55 | Construir | House |
| 10:57 | Construir | Palisade Wall |
| 11:05 | Investigar | Double-Bit Axe |
| 11:05 | Investigar | Double-Bit Axe |
| 11:06 | Crear | Villager (Male) |
| 11:26 | Investigar | Horse Collar |
| 11:38 | Crear | Villager (Male) |
| 11:41 | Construir | Farm |
| 11:49 | Crear | Scout Cavalry |
| 11:49 | Crear | Scout Cavalry |
| 12:01 | Construir | Blacksmith |
| 12:04 | Construir | House |
| 12:05 | Construir | House |
| 12:15 | Crear | Scout Cavalry |
| 12:15 | Crear | Scout Cavalry |
| 12:20 | Crear | Villager (Male) |
| 12:20 | Crear | Villager (Male) |
| 12:21 | Crear | Villager (Male) |
| 12:25 | Construir | Farm |
| 12:55 | Investigar | Scale Barding Armor |
| 12:57 | Crear | Scout Cavalry |
| 13:14 | Construir | Farm |
| 13:23 | Construir | Palisade Wall |
| 13:28 | Crear | Villager (Male) |
| 13:29 | Crear | Villager (Male) |
| 13:35 | Crear | Villager (Male) |
| 13:41 | Construir | Farm |
| 13:51 | Construir | House |
| 13:57 | Construir | Building 796 |
| 14:07 | Construir | Farm |
| 14:13 | Crear | Villager (Male) |
| 14:50 | Construir | Mining Camp |
| 14:52 | Construir | Farm |
| 14:56 | Construir | Farm |
| 14:57 | Crear | Villager (Male) |
| 14:57 | Crear | Villager (Male) |
| 14:58 | Crear | Villager (Male) |
| 15:23 | Crear | Villager (Male) |
| 15:23 | Crear | Scout Cavalry |
| 15:31 | Construir | Farm |
| 15:41 | Construir | Lumber Camp |
| 15:47 | Crear | Scout Cavalry |
| 16:05 | Crear | Scout Cavalry |
| 16:06 | Crear | Villager (Male) |
| 16:06 | Crear | Villager (Male) |
| 16:18 | Crear | Villager (Male) |
| 16:21 | Construir | Farm |
| 16:40 | Construir | House |
| 16:41 | Construir | House |
| 16:47 | Construir | Farm |
| 16:51 | Construir | House |
| 17:05 | Construir | Farm |
| 17:06 | Construir | Farm |
| 17:22 | Crear | Scout Cavalry |
| 17:30 | Construir | Stable |
| 17:33 | Construir | Stone Wall |
| 17:45 | Construir | Farm |
| 18:02 | Crear | Scout Cavalry |
| 18:08 | Construir | Farm |
| 18:10 | Crear | Villager (Male) |
| 18:12 | Construir | House |
| 18:14 | Construir | Palisade Wall |
| 18:44 | Crear | Scout Cavalry |
| 18:45 | Investigar | Bloodlines |
| 18:47 | Crear | Villager (Male) |
| 18:47 | Crear | Villager (Male) |
| 19:18 | Construir | Farm |
| 19:20 | Construir | Farm |
| 19:27 | Construir | Farm |
| 19:27 | Construir | Farm |
| 19:56 | Construir | Farm |
| 19:58 | Construir | Farm |
| 20:08 | Construir | Archery Range |
| 20:28 | Construir | Farm |
| 21:07 | Construir | House |
| 21:08 | Construir | House |
| 21:09 | Construir | House |
| 21:19 | Investigar | Castle Age |
| 21:27 | Investigar | Gold Mining |
| 21:44 | Construir | Archery Range |
| 21:46 | Construir | Archery Range |
| 21:49 | Investigar | Fletching |
| 21:49 | Investigar | Padded Archer Armor |
| 21:53 | Investigar | Wheelbarrow |
| 22:19 | Crear | Scout Cavalry |
| 22:42 | Crear | Scout Cavalry |
| 22:42 | Crear | Scout Cavalry |
| 22:43 | Crear | Scout Cavalry |
| 23:03 | Construir | House |
| 23:04 | Construir | House |
| 23:13 | Construir | Mining Camp |
| 23:33 | Crear | Scout Cavalry |
| 23:34 | Crear | Scout Cavalry |
| 23:35 | Crear | Scout Cavalry |
| 23:50 | Crear | Scout Cavalry |
| 23:50 | Crear | Scout Cavalry |
| 23:59 | Edad | Edad de los Castillos |
| 24:15 | Construir | Town Center |
| 24:32 | Investigar | Thumb Ring |
| 24:40 | Investigar | Light Cavalry (upgrade) |
| 25:05 | Crear | Scout Cavalry |
| 25:05 | Crear | Scout Cavalry |
| 25:10 | Crear | Cavalry Archer |
| 25:10 | Crear | Cavalry Archer |
| 25:19 | Construir | Archery Range |
| 25:22 | Construir | Archery Range |
| 25:30 | Investigar | Husbandry |
| 25:45 | Construir | Lumber Camp |
| 26:06 | Investigar | Bodkin Arrow |
| 26:20 | Construir | Stone Wall |
| 26:23 | Construir | Stone Wall |
| 26:40 | Crear | Cavalry Archer |
| 26:40 | Crear | Cavalry Archer |
Build order — King L
Primeras 150 de 477 acciones detectadas
| 0:02 | Construir | House |
| 0:03 | Construir | House |
| 0:04 | Crear | Villager (Male) |
| 0:05 | Crear | Villager (Male) |
| 0:05 | Crear | Villager (Male) |
| 0:05 | Crear | Villager (Male) |
| 0:05 | Crear | Villager (Male) |
| 1:41 | Crear | Villager (Male) |
| 2:16 | Crear | Villager (Male) |
| 2:16 | Crear | Villager (Male) |
| 2:32 | Crear | Villager (Male) |
| 3:19 | Crear | Villager (Male) |
| 3:20 | Crear | Villager (Male) |
| 3:20 | Crear | Villager (Male) |
| 3:42 | Crear | Villager (Male) |
| 3:42 | Crear | Villager (Male) |
| 3:50 | Investigar | Loom |
| 3:57 | Crear | Villager (Male) |
| 4:07 | Construir | House |
| 4:21 | Construir | Lumber Camp |
| 4:52 | Construir | Lumber Camp |
| 5:04 | Crear | Villager (Male) |
| 5:24 | Construir | Dock |
| 5:38 | Crear | Villager (Male) |
| 5:38 | Crear | Villager (Male) |
| 5:38 | Crear | Villager (Male) |
| 6:52 | Crear | Villager (Male) |
| 6:52 | Crear | Villager (Male) |
| 6:53 | Crear | Villager (Male) |
| 6:53 | Crear | Villager (Male) |
| 6:53 | Crear | Villager (Male) |
| 7:06 | Crear | Fishing Ship |
| 7:14 | Construir | House |
| 7:28 | Crear | Fishing Ship |
| 8:15 | Construir | House |
| 8:44 | Crear | Villager (Male) |
| 8:53 | Crear | Fishing Ship |
| 9:21 | Construir | Mill |
| 9:26 | Investigar | Feudal Age |
| 9:54 | Construir | Palisade Wall |
| 10:53 | Construir | Mining Camp |
| 11:21 | Construir | Dock |
| 11:36 | Edad | Edad Feudal |
| 11:36 | Crear | Villager (Male) |
| 11:36 | Crear | Villager (Male) |
| 11:38 | Crear | Villager (Male) |
| 11:43 | Construir | Stable |
| 11:58 | Crear | Galley |
| 12:07 | Construir | Farm |
| 12:14 | Construir | House |
| 12:23 | Investigar | Double-Bit Axe |
| 12:26 | Crear | Villager (Male) |
| 12:39 | Construir | Palisade Wall |
| 12:43 | Construir | House |
| 12:55 | Crear | Scout Cavalry |
| 12:57 | Construir | Farm |
| 13:24 | Construir | Farm |
| 13:30 | Crear | Galley |
| 13:42 | Crear | Scout Cavalry |
| 13:55 | Crear | Villager (Male) |
| 13:55 | Crear | Villager (Male) |
| 13:56 | Crear | Villager (Male) |
| 13:56 | Crear | Villager (Male) |
| 14:01 | Crear | Galley |
| 14:05 | Construir | House |
| 14:20 | Crear | Scout Cavalry |
| 14:24 | Construir | Farm |
| 14:41 | Crear | Villager (Male) |
| 14:41 | Crear | Villager (Male) |
| 14:49 | Crear | Scout Cavalry |
| 14:56 | Construir | Farm |
| 14:59 | Crear | Scout Cavalry |
| 15:08 | Crear | Fishing Ship |
| 15:08 | Crear | Fishing Ship |
| 15:28 | Crear | Scout Cavalry |
| 15:49 | Construir | House |
| 15:51 | Construir | Palisade Wall |
| 15:53 | Construir | Palisade Wall |
| 16:09 | Crear | Scout Cavalry |
| 16:14 | Construir | Blacksmith |
| 16:24 | Crear | Fishing Ship |
| 16:33 | Crear | Scout Cavalry |
| 16:38 | Construir | Farm |
| 17:11 | Investigar | Forging |
| 17:13 | Construir | Farm |
| 17:16 | Crear | Scout Cavalry |
| 17:29 | Crear | Scout Cavalry |
| 17:29 | Crear | Scout Cavalry |
| 17:43 | Construir | Barracks |
| 18:11 | Crear | Fishing Ship |
| 18:11 | Crear | Fishing Ship |
| 18:27 | Investigar | Scale Barding Armor |
| 18:33 | Investigar | Bloodlines |
| 19:06 | Construir | Farm |
| 19:07 | Crear | Villager (Male) |
| 19:07 | Crear | Villager (Male) |
| 19:24 | Construir | Stable |
| 19:26 | Crear | Villager (Male) |
| 19:26 | Crear | Villager (Male) |
| 19:47 | Construir | Lumber Camp |
| 19:50 | Construir | Farm |
| 19:53 | Construir | Farm |
| 20:00 | Crear | Scout Cavalry |
| 20:07 | Crear | Spearman |
| 20:07 | Crear | Spearman |
| 20:18 | Construir | Palisade Wall |
| 20:37 | Crear | Scout Cavalry |
| 20:38 | Crear | Scout Cavalry |
| 20:38 | Crear | Scout Cavalry |
| 20:38 | Crear | Scout Cavalry |
| 20:42 | Construir | Farm |
| 20:58 | Construir | Farm |
| 20:59 | Construir | Farm |
| 21:21 | Crear | Scout Cavalry |
| 21:21 | Crear | Scout Cavalry |
| 21:46 | Crear | Villager (Male) |
| 21:47 | Crear | Villager (Male) |
| 21:47 | Crear | Villager (Male) |
| 21:50 | Construir | House |
| 22:51 | Crear | Scout Cavalry |
| 22:51 | Crear | Scout Cavalry |
| 22:55 | Construir | House |
| 23:15 | Construir | Market |
| 23:35 | Construir | Palisade Wall |
| 23:42 | Construir | Farm |
| 23:52 | Construir | Farm |
| 24:19 | Construir | Stone Wall |
| 24:48 | Construir | Stone Wall |
| 25:01 | Investigar | Castle Age |
| 25:04 | Crear | Spearman |
| 25:05 | Crear | Spearman |
| 25:05 | Crear | Spearman |
| 25:05 | Crear | Spearman |
| 25:59 | Construir | Dock |
| 26:32 | Construir | Building 490 |
| 26:37 | Crear | Spearman |
| 26:51 | Construir | Stable |
| 27:01 | Crear | Galley |
| 27:01 | Crear | Galley |
| 27:30 | Crear | Galley |
| 27:30 | Crear | Galley |
| 27:41 | Edad | Edad de los Castillos |
| 28:03 | Construir | Town Center |
| 28:13 | Investigar | War Galley (upgrade) |
| 28:30 | Crear | Galley |
| 28:33 | Crear | Galley |
| 28:42 | Construir | Farm |
| 28:42 | Crear | Villager (Male) |
| 28:43 | Crear | Villager (Male) |
| 28:43 | Crear | Villager (Male) |
Cronología de la partida
| 5:24 | King L · first_building Dock |
| 8:41 | 求求了让老头吃你一分 · first_building Barracks |
| 9:36 | 求求了让老头吃你一分 · age_up feudal |
| 9:54 | King L · wall_segment Palisade Wall x8 |
| 10:44 | 求求了让老头吃你一分 · first_building Stable |
| 10:57 | 求求了让老头吃你一分 · wall_segment Palisade Wall x9 |
| 11:36 | King L · age_up feudal |
| 11:43 | King L · first_building Stable |
| 12:39 | King L · wall_segment Palisade Wall x1 |
| 13:23 | 求求了让老头吃你一分 · wall_segment Palisade Wall x4 |
| 15:51 | King L · wall_segment Palisade Wall x1 |
| 15:53 | King L · wall_segment Palisade Wall x1 |
| 17:33 | 求求了让老头吃你一分 · wall_segment Stone Wall x1 |
| 17:43 | King L · first_building Barracks |
| 18:14 | 求求了让老头吃你一分 · wall_segment Palisade Wall x7 |
| 20:08 | 求求了让老头吃你一分 · first_building Archery Range |
| 20:18 | King L · wall_segment Palisade Wall x1 |
| 23:35 | King L · wall_segment Palisade Wall x9 |
| 23:59 | 求求了让老头吃你一分 · age_up castle |
| 24:19 | King L · wall_segment Stone Wall x10 |
| 24:48 | King L · wall_segment Stone Wall x8 |
| 26:20 | 求求了让老头吃你一分 · wall_segment Stone Wall x1 |
| 26:23 | 求求了让老头吃你一分 · wall_segment Stone Wall x6 |
| 27:41 | King L · age_up castle |
| 27:57 | King L · first_market_buy 100 stone |
| 29:31 | 求求了让老头吃你一分 · first_building Siege Workshop |
| 35:24 | 求求了让老头吃你一分 · age_up imperial |
| 36:12 | King L · wall_segment Stone Wall x12 |
| 37:25 | 求求了让老头吃你一分 · wall_segment Stone Wall x4 |
| 37:28 | 求求了让老头吃你一分 · wall_segment Stone Wall x13 |
| 37:30 | King L · first_market_sell 100 food |
| 38:26 | 求求了让老头吃你一分 · first_building Monastery |
| 38:51 | King L · first_building Castle |
| 40:17 | King L · first_building Monastery |
| 40:44 | King L · age_up imperial |
| 41:03 | King L · first_building Siege Workshop |
| 43:00 | 求求了让老头吃你一分 · first_building Castle |
| 43:14 | 求求了让老头吃你一分 · wall_segment Stone Wall x12 |
| 43:45 | King L · wall_segment Stone Wall x5 |
| 45:34 | King L · wall_segment Stone Wall x15 |
| 45:50 | King L · wall_segment Stone Wall x9 |
| 46:35 | King L · wall_segment Stone Wall x4 |
| 46:38 | 求求了让老头吃你一分 · wall_segment Stone Wall x2 |
| 46:40 | King L · wall_segment Stone Wall x12 |
| 57:34 | King L · wall_segment Stone Wall x2 |
| 58:08 | King L · wall_segment Stone Wall x1 |
| 58:40 | King L · wall_segment Stone Wall x12 |
| 59:20 | King L · wall_segment Stone Wall x6 |
| 61:12 | 求求了让老头吃你一分 · first_market_sell 100 food |
| 65:06 | King L · resign |
[ ANÁLISIS IA · 1 CRÉDITO ]
¿Qué pasó realmente en esta partida?
Wolo.gg analiza cada decisión: build order, eco, micro, errores típicos por bracket. Análisis personalizado por WhatsApp o Discord en 30 segundos.
Guía civ
Magiares
Perfil
Jugador #11610066